 Dungeon Crawl Stone Soup version 0.21-a0-513-gdcb3f5e (webtiles) character file.

380 IceWhale the Skirmisher (level 6, -3/56 HPs)
             Began as a Draconian Abyssal Knight on Dec 1, 2017.
             Was a Priest of Lugonu.
             Slain by Menkaure (16 damage)
             ... in an ossuary on Dec 2, 2017.
             The game lasted 00:30:00 (4113 turns).

IceWhale the Skirmisher (Draconian Abyssal Knight)  Turns: 4113, Time: 00:30:02

Health: -3/56      AC:  9    Str: 17    XL:     6   Next: 46%
Magic:  8/8        EV: 13    Int: 12    God:    Lugonu [***...]
Gold:   162        SH:  4    Dex: 10    Spells: 5/5 levels left

rFire    + . .     SeeInvis .   n - +0 long sword
rCold    x . .     Gourm    .   (no shield)
rNeg     . . .     Faith    .   (armour unavailable)
rPois    .         Spirit   .   (helmet restricted)
rElec    .         Reflect  +   (no cloak)
rCorr    .         Harm     .   (no gloves)
MR       .....     Rnd*Tele +   d - +2 pair of boots
Stlth    +.........             m - +4 amulet of reflection
HPRegen  0.18/turn              j - ring of teleportation
MPRegen  0.11/turn              o - ring of fire

@: no status effects
A: unfitting armour, cold-blooded, AC +6
a: Depart the Abyss, Bend Space, Banish, Renounce Religion


You were in an ossuary.
You worshipped Lugonu.
Lugonu was most pleased with you.
You were not hungry.

You visited 1 branch of the dungeon, and saw 4 of its levels.
You visited the Abyss 1 time.
You also visited: Ossuary.

You collected 162 gold pieces.

Inventory:

Hand Weapons
 a - a +1 falchion
 e - a +0 club
 g - a +0 mace
 k - a +0 dagger of draining
 n - a +0 long sword (weapon)
 q - a +0 trident
 w - a +2 mace of protection
 y - a cursed -3 dagger
Armour
 d - a +2 pair of boots (worn)
 h - a +0 helmet of intelligence
 r - a +0 robe
Jewellery
 j - a ring of teleportation (left hand)
 m - a +4 amulet of reflection (around neck)
 o - a ring of fire (right hand)
Wands
 b - a wand of polymorph (2)
Scrolls
 t - a scroll of blinking {unknown}
 v - 3 scrolls of teleportation
Potions
 c - 2 potions of haste
 l - a potion of might {unknown}
 p - a potion of curing {unknown}
 s - 2 potions of ambrosia {unknown}
 u - a potion of degeneration {unknown}
Comestibles
 f - a fruit
 i - a royal jelly
 x - 2 bread rations


   Skills:
 * Level 5.2 Fighting
 * Level 4.8 Long Blades
 + Level 3.1 Dodging
 + Level 0.3 Stealth
 + Level 2.8 Invocations


You had 5 spell levels left.
You didn't know any spells.

Dungeon Overview and Level Annotations

Branches:
Dungeon (4/15)
 Temple: D:4-7

Altars:
Uskayaw
Zin

Annotations:
Ossuary Menkaure


Innate Abilities, Weirdness & Mutations

Your plain brown scales are hard. (AC +6)
You cannot fit into any form of body armour.
You are cold-blooded and may be slowed by cold attacks.


Message History

You destroy the mummy!
Lugonu accepts your kill.
Press: ? - help, Shift-Dir - straight line, f - Menkaure
Aim: Menkaure (chance to defeat MR: 81%)
You fail to use your ability.
Menkaure calls on the powers of darkness!
Your body is wracked with pain!
Menkaure closely misses you.
You slash Menkaure!
Menkaure is heavily damaged.
You block Menkaure's attack.
You hit Menkaure.
Menkaure is heavily damaged.
Menkaure hits you!
* * * LOW HITPOINT WARNING * * *
Aiming: Polymorph
Press: ? - help, Shift-Dir - straight line, f/p - Menkaure
Aim: Menkaure (heavily damaged, chance to defeat MR: 46%) Menkaure is unaffected.
Menkaure hits you!
You die...

##..##..##....##..##^.##
##..##..##..##..##..##..##
##.^##..##..####..##..##..##
#..##..##..##.!##..##..##..##
..##..##..##!?!?##..##..##..##
.##..##..##!.?!.?##..##..##^.##
##..##..##..!∩∩!..##..##..##.^##
#..##..##..........##..##..##..##
..##..## ....!?M@...##..##..##^.#
.##..##############''##..##..##..
##....................##..##..##.
#########################..##..##
..........................^.##..#
###############################..
.^...^....^...^..................
#################################


You could see Menkaure.

Vanquished Creatures
  A bullfrog zombie (D:3)
  A bullfrog skeleton (D:4)
  A hound (D:2)
  An orc wizard (D:3)
  An iguana (D:4)
  Terence (D:2)
  3 mummies (Ossuary)
  7 adders
  A worm zombie (D:4)
  A worm (D:2)
  6 dart slugs
  3 leopard geckos
  6 orcs (D:3)
  6 giant cockroaches
  11 goblins
  7 hobgoblins
  3 quokkas
  3 ball pythons
  14 bats
  2 frilled lizards
  2 gnoll skeletons (Ossuary)
  2 gnoll zombies (Ossuary)
  4 goblin zombies (Ossuary)
  2 hobgoblin skeletons (Ossuary)
  2 hobgoblin zombies (Ossuary)
  5 kobolds
  3 kobold skeletons (Ossuary)
  2 kobold zombies (Ossuary)
  3 orc skeletons (Ossuary)
  8 rats
  4 rat skeletons (Ossuary)
  2 rat zombies (Ossuary)
  A fungus (D:1)
119 creatures vanquished.

Vanquished Creatures (others)
  2 gnoll zombies (Ossuary)
  3 goblin skeletons (Ossuary)
  3 goblin zombies (Ossuary)
  3 hobgoblin zombies (Ossuary)
  4 kobold skeletons (Ossuary)
  A kobold zombie (Ossuary)
  An orc skeleton (Ossuary)
  2 orc zombies (Ossuary)
  3 rat skeletons (Ossuary)
  2 rat zombies (Ossuary)
24 creatures vanquished.

Grand Total: 143 creatures vanquished

Notes
Turn   | Place    | Note
-------+----------+-------------------------------------------
     0 | Abyss:1  | IceWhale the Draconian Abyssal Knight began the quest for the Orb.
     0 | Abyss:1  | Reached XP level 1. HP: 19/19 MP: 2/2
     3 | D:1      | Escaped the Abyss
   242 | D:1      | Reached XP level 2. HP: 21/26 MP: 3/3
   328 | D:1      | Reached * piety under Lugonu
   676 | D:1      | Reached skill level 4 in Fighting
   761 | D:1      | Reached XP level 3. HP: 33/33 MP: 4/4
  1584 | D:2      | Reached ** piety under Lugonu
  1589 | D:2      | Found a hide-covered altar of Uskayaw.
  1649 | D:2      | Reached XP level 4. HP: 23/41 MP: 5/5
  2206 | D:2      | Noticed Terence
  2207 | D:2      | Found a glowing silver altar of Zin.
  2234 | D:2      | Killed Terence
  2234 | D:2      | Reached skill level 5 in Fighting
  2234 | D:2      | Reached XP level 5. HP: 48/48 MP: 6/6
  2375 | D:3      | Found a faded altar of an unknown god.
  2857 | D:3      | Reached XP level 6. HP: 39/56 MP: 7/7
  3443 | D:4      | Found a sand-covered staircase.
  3463 | Ossuary  | Entered an ossuary
  3489 | Ossuary  | Reached *** piety under Lugonu
  4105 | Ossuary  | Noticed Menkaure
  4113 | Ossuary  | Slain by Menkaure

Vault maps used:
D:1:      dpeg_arrival_prison
D:2:      eat_drink_and_be_merry_uskayaw, zin_academy, uniq_terence
D:3:      chequers_ecumenical_altar_island
D:4:      first_bread, enter_ossuary_3, serial_shops, nicolae_shop_trees,
          trog_book
Ossuary:  ossuary_due_pyramid

Skill      XL: |  1  2  3  4  5  6 |
---------------+-------------------+-----
Fighting       | 4 5 |  5.2
Long Blades    | 3 4 |  4.8
Dodging        | 3 |  3.1
Stealth        | |  0.3
Invocations    | |  2.8

Action                   |  1- 3 |  4- 6 || total
-------------------------+-------+-------++-------
Melee: Falchion          |   111 |    16 ||   127
       Tailslap          |    24 |    23 ||    47
       Unarmed           |       |    14 ||    14
       Long sword        |       |   195 ||   195
Invok: Depart the Abyss  |     1 |       ||     1
       Bend Space        |       |     2 ||     2
Evoke: Wand              |       |     1 ||     1
  Use: Scroll            |     5 |     4 ||     9
       Potion            |     4 |       ||     4
 Stab: Sleeping          |       |     1 ||     1
  Eat: Chunk             |     2 |     2 ||     4
       Bread ration      |       |     1 ||     1
       Fruit             |       |     2 ||     2
       Royal jelly       |       |     1 ||     1
Armor: Skin              |    55 |    88 ||   143
Dodge: Dodged            |   112 |   167 ||   279
Block: Other             |       |    32 ||    32
       Reflection        |       |     1 ||     1
       Rpst.: Falchion   |    40 |     5 ||    45
       Long sword        |       |    40 ||    40

Table legend:
 A = Spawn XP
 B = Non-spawn XP
 C = Spawn XP percentage of total XP
 D = Spawn monster count
 E = Non-spawn monster count
 F = Spawn count percentage of total count
 G = Total turns spent on level
                    A         B        C        D         E        F      G
               +---------+---------+-------+---------+---------+-------+---------
         Total |       0 |     543 |   0.0 |       0 |     104 |   0.0 |  4113
               +---------+---------+-------+---------+---------+-------+---------
           D:1 |       0 |      54 |   0.0 |       0 |      29 |   0.0 |  1366
           D:2 |       0 |     156 |   0.0 |       0 |      23 |   0.0 |   935
           D:3 |       0 |     195 |   0.0 |       0 |      32 |   0.0 |   950
           D:4 |       0 |      93 |   0.0 |       0 |       5 |   0.0 |   209
       Ossuary |       0 |      45 |   0.0 |       0 |      15 |   0.0 |   650
               +---------+---------+-------+---------+---------+-------+---------
